 Dungeon Crawl Stone Soup version 0.29-a0-676-ga64570c9d2 (webtiles) character file.

Game seed: 6564022798809485925

88 Vylera the Ducker (level 4, -7/31 HPs)
             Began as a Djinni Earth Elementalist on June 24, 2022.
             Was a Follower of Wu Jian.
             Mangled by an orc
             ... wielding a +0 flail
              (8 damage)
             ... on level 3 of the Dungeon.
             The game lasted 00:07:47 (2545 turns).

Vylera the Ducker (Djinni Earth Elementalist)       Turns: 2545, Time: 00:07:48

Health: -7/31      AC:  2    Str:  7    XL:     4   Next: 82%
Gold:   60         EV: 13    Int: 18    God:    Wu Jian [*.....] SH:  5 Dex: 14

rFire   + + .      SeeInvis .   e - +0 dagger
rCold   x . .      Faith    .   (no shield)
rNeg    . . .      Spirit   .   a - +0 robe
rPois   ∞          Reflect  +   (no helmet)
rElec   .          Harm     .   (no cloak)
rCorr   .          Rampage  .   (no gloves)
Will    .....                   (boots unavailable)
Stlth   ++........              m - amulet of reflection
HPRegen 0.10/turn               d - ring of wizardry
MPRegen 0.00/turn               (no ring)

@: flying
A: sickness immunity, fire resistance 2, cold vulnerability 1, float, innate
caster, HP casting, extra vitality 1
a: Renounce Religion


You were on level 3 of the Dungeon.
You worshipped Wu Jian.
Wu Jian was aware of your devotion.
You visited 1 branch of the dungeon, and saw 3 of its levels.

You collected 60 gold pieces.

Inventory:

Hand Weapons
 e - a +0 dagger (weapon)
 h - a +0 short sword
 k - a +0 spear
Missiles
 g - 3 poisoned darts
Armour
 a - a +0 robe (worn)
Jewellery
 d - a ring of wizardry (left hand)
 m - an amulet of reflection (around neck)
Scrolls
 i - a scroll of fear {unknown}
 l - a scroll of teleportation {unknown}
 n - a scroll of identify {unknown}
Potions
 b - a potion of curing {unknown}
 c - 3 potions of degeneration {unknown}
 f - a potion of magic {unknown}
 j - a potion of lignification {unknown}
 o - a potion of attraction {unknown}


   Skills:
 - Level 3.3 Dodging
 - Level 2.5 Stealth
 * Level 3.1 Spellcasting


You couldn't memorise any spells.
You knew the following spells:

 Your Spells              Type           Power      Damage    Failure   Level
a - Sandblast             Erth           28%        2d8       1%          1
b - Passwall              Tmut/Erth      11%        N/A       2%          2
c - Stone Arrow           Conj/Erth      28%        3d8       5%          3
d - Petrify               Tmut/Erth      14%        N/A       17%         4
e - Beastly Appendage     Tmut           28%        N/A       1%          1
Your spell library was empty.

Dungeon Overview and Level Annotations

Branches:
Dungeon (3/15)

Altars:
Wu Jian


Innate Abilities, Weirdness & Mutations

You are immune to sickness and miasma.
You are immune to poison.
Your flesh is very heat resistant. (rF++)
You are vulnerable to cold. (rC-)
You float through the air rather than walking.
You learn spells naturally, not from books.
Your magical power is your life essence.
You have superior vitality. (+4 MHP)


Message History

The blast of sand hits the orc.
The orc is almost dead.
The frilled lizard hisses angrily.
The orc barely misses you. You block the orc's attack.
Aiming: Sandblast (safe; 1% risk of failure)
Press: ? - help, Q - select action, (/) - cycle Shift-Dir - straight line, f/p - orc
Aim: an orc, wielding a +0 flail and wearing a +0 scale mail (almost dead, 82% to hit)
The blast of sand hits the orc but does no damage.
The orc is almost dead.
The orc hits you with a +0 flail! The orc hits you with a +0 flail.
Aiming: Sandblast (safe; 1% risk of failure)
Press: ? - help, Q - select action, (/) - cycle Shift-Dir - straight line, f/p - orc
Aim: an orc, wielding a +0 flail and wearing a +0 scale mail (severely wounded, 82% to hit)
The blast of sand misses the orc.
The blast of sand hits the frilled lizard!
You kill the frilled lizard!
The Council accepts your kill. You block the orc's attack.
The orc closely misses you.
Aiming: Sandblast (safe; 1% risk of failure)
Press: ? - help, Q - select action, (/) - cycle Shift-Dir - straight line, f/p - orc
Aim: an orc, wielding a +0 flail and wearing a +0 scale mail (severely wounded, 82% to hit)
The blast of sand hits the orc but does no damage.
The orc is severely wounded.
The orc hits you with a +0 flail. You block the orc's attack.
Aiming: Sandblast (safe; 1% risk of failure)
Press: ? - help, Q - select action, (/) - cycle Shift-Dir - straight line, f/p - orc
Aim: an orc, wielding a +0 flail and wearing a +0 scale mail (severely wounded, 82% to hit)
The blast of sand hits the orc but does no damage.
The orc is severely wounded.
The orc closely misses you. The orc hits you with a +0 flail!
* * * LOW HITPOINT WARNING * * *
Unknown command.
Aiming: Sandblast (safe; 1% risk of failure)
Press: ? - help, Q - select action, (/) - cycle Shift-Dir - straight line, f/p - orc
Aim: an orc, wielding a +0 flail and wearing a +0 scale mail (heavily wounded, 82% to hit)
The blast of sand hits the orc but does no damage.
The orc is heavily wounded.
* * * LOW HITPOINT WARNING * * *
The orc closely misses you. The orc hits you with a +0 flail!
You die...

.. #. .# #. .#
#. .# #. .# #.
.# .
##.###.##....
#....@o†.....
#.<.#<...#.###.
###....##..[#
.............#
####.##.##...##
#. #.# .## ..
... .. ## #.#
## ..


You could see an orc.

Vanquished Creatures
  A gnoll (D:1)
  An adder (D:2)
  A worm (D:2)
  3 dart slugs
  5 ball pythons
  8 endoplasms
  A giant cockroach (D:1)
  7 hobgoblins
  2 jackals (D:1)
  4 quokkas
  3 bats (D:1)
  A frilled lizard (D:3)
  7 goblins
  8 kobolds
  3 rats
55 creatures vanquished.

Notes
Turn   | Place    | Note
-------+----------+-------------------------------------------
     0 | D:1      | Vylera the Djinni Earth Elementalist began the quest for
                  | the Orb.
     0 | D:1      | Vylera set off with the following spells memorised:
                  | Sandblast, Passwall, Stone Arrow, Petrify.
     0 | D:1      | Reached XP level 1. HP: 15/15 MP: 0/0
   306 | D:1      | Reached XP level 2. HP: 15/21 MP: 0/0
   975 | D:1      | Reached XP level 3. HP: 24/25 MP: 0/0
   975 | D:1      | Learned a level 1 spell: Beastly Appendage
  1220 | D:1      | Found a faded altar of an unknown god.
  1367 | D:1      | Reached XP level 4. HP: 27/31 MP: 0/0
  2116 | D:1      | Prayed at the altar of an unknown god.
  2116 | D:1      | Became a worshipper of the Wu Jian Council
  2116 | D:1      | Reached * piety under Wu Jian
  2545 | D:3      | Mangled by an orc

Illustrated notes

Levels and vault maps discovered:
D:1:      minmay_arrival_statue_studded, layout_loops_ring,
          hellmonk_ecumenical_altar_blasted, minmay_misc_feat_nine_boxes
D:2:      layout_basic
D:3:      layout_loops_ring, serial_shops, nicolae_lakefront_shop

Skill      XL: |  1  2  3  4 |
---------------+-------------+-----
Stealth        | 2 |  2.5
Dodging        | 3 |  3.3
Spellcasting   | 3 |  3.1

Action                   |  1- 3 |  4- 6 || total
-------------------------+-------+-------++-------
Melee: Unarmed           |     1 |       ||     1
       Dagger            |    12 |    12 ||    24
       Punch             |     1 |       ||     1
 Cast: Sandblast         |    47 |    41 ||    88
 Stab: Sleeping          |     3 |       ||     3
Armor: Robe              |     8 |     2 ||    10
Dodge: Dodged            |    35 |    20 ||    55
Block: Other             |       |     4 ||     4

Table legend: (Time is in decaauts)
 A = Elapsed time spent in this place.
 B = Non-inter-level travel time spent in this place.
 C = Inter-level travel time spent in this place.
 D = Time resting spent in this place.
 E = Time spent auto-exploring this place.
 F = Levels seen in this place.
 G = Mean time per level.
                   A        B        C        D        E       F      G
               +--------+--------+--------+--------+--------+-----+--------+
         Total |   2634 |   2516 |    118 |     69 |   2039 |   3 |  878.0 |
       Dungeon |   2634 |   2516 |    118 |     69 |   2039 |   3 |  878.0 |
               +--------+--------+--------+--------+--------+-----+--------+

Top non-repeatable levels by time:
     D:1: 1624 daAuts
     D:2: 991 daAuts
     D:3: 19 daAuts
